AoeStats
← Reaper20131

MegaRandom

510235056Analyzed
3v3 RM · 2d ago on Sep 30, 2026· 50m 36s· 6 players
Game mode
Random Map
Map size
Normal (6 player)
Population
200
Speed
Normal
Resources
Standard
Victory
Conquest
Starting age
Dark Age
Ending age
Imperial Age
RankedLock teamsTeams togetherTeam positionsShared explorationLock speedFull tech treeHidden civsTurbo modeCheats
Victory
Defeat
🇨🇦 Goths · Canada
1048
+14
🇺🇸 Hindustanis · United States
1003
+16
🇺🇸 Vietnamese · United States
922
+19
🇺🇸 Franks · United States
1029
-18
🇺🇸 Italians · United States
1005
-17
🇺🇸 Magyars · United States
945
-14
Fluentsynth
11:04 Feudal Age
11:43 Horse Collar
13:29 Double-Bit Axe
17:05 Bloodlines
19:59 Scale Barding Armor
20:38 Wheelbarrow
24:03 Castle Age
25:07 Husbandry
25:36 Chain Barding Armor
25:29 Gold Mining
26:48 Bow Saw
26:48 Heavy Plow
30:47 Fletching
30:58 Padded Archer Armor
31:03 Stone Mining
32:27 Thumb Ring
37:05 Ballistics
36:38 Guard Tower
36:45 Murder Holes
42:48 Imperial Age
41:46 Gold Shaft Mining
43:05 Corvinian Army
45:02 Recurve Bow
45:39 Hoardings
47:35 Elite Magyar Huszar
48:47 Parthian Tactics
50:29 Plate Barding Armor
49:51 Bodkin Arrow
50:12 Leather Archer Armor
Wesley Willis
8:53 Loom
11:19 Feudal Age
15:14 Double-Bit Axe
19:29 Fishing Lines
22:42 Castle Age
24:01 Forging
23:57 Scale Barding Armor
24:32 Bow Saw
25:27 Husbandry
26:38 Iron Casting
26:23 Chain Barding Armor
39:05 Imperial Age
39:58 Wheelbarrow
39:05 Cavalier
40:54 Blast Furnace
40:57 Plate Barding Armor
42:26 Conscription
42:17 Paladin
42:57 Fletching
45:14 Hoardings
premlikeFrame
3:29 Loom
10:54 Feudal Age
12:01 Double-Bit Axe
17:54 Wheelbarrow
17:11 Fishing Lines
17:57 Horse Collar
20:17 Town Watch
24:51 Castle Age
22:59 Fletching
26:01 Bow Saw
25:17 Crossbowman
26:37 Medium Warships
30:51 Hand Cart
31:48 Gold Mining
31:49 Stone Mining
35:44 Thumb Ring
39:32 Imperial Age
38:41 Ballistics
41:43 Two-Man Saw
42:08 Chemistry
41:18 Arbalester
41:21 Elite Skirmisher
43:21 Conscription
47:16 Bodkin Arrow
47:21 Padded Archer Armor
48:55 Bracer
49:10 Leather Archer Armor
Reaper20131
0:42 Loom
10:34 Feudal Age
15:15 Castle Age
14:30 Double-Bit Axe
15:34 Bloodlines
15:37 Scale Barding Armor
15:43 Forging
23:27 Husbandry
29:36 Imperial Age
28:27 Wheelbarrow
30:42 Hand Cart
33:26 Chemistry
35:09 Siege Engineers
35:42 Conscription
36:35 Chain Barding Armor
36:07 Fletching
36:20 Padded Archer Armor
38:44 Gold Mining
39:25 Shatagni
40:15 Caravan
40:00 Heavy Camel Rider
40:15 Elite Skirmisher
41:01 Thumb Ring
41:39 Ballistics
45:46 Imperial Camel Rider
48:07 Plate Barding Armor
48:08 Iron Casting
kidman_de_kh
0:47 Loom
12:43 Feudal Age
14:09 Wheelbarrow
13:21 Double-Bit Axe
13:28 Gold Mining
13:21 Horse Collar
13:59 Town Watch
14:20 Stone Mining
17:38 Fishing Lines
21:09 Scale Mail Armor
21:29 Forging
22:43 Fletching
26:52 Castle Age
27:23 Gillnets
28:05 Bow Saw
28:00 Heavy Plow
28:37 Stone Shaft Mining
28:18 Pikeman
28:59 Squires
30:19 Hand Cart
31:27 Town Patrol
32:14 Arson
37:42 Iron Casting
37:23 Chain Mail Armor
39:12 Fortified Wall
39:23 Ballistics
42:16 Imperial Age
39:18 Elite Skirmisher
40:11 Bodkin Arrow
40:16 Padded Archer Armor
40:22 Scale Barding Armor
40:30 Caravan
42:40 Thumb Ring
42:54 Leather Archer Armor
43:00 Chain Barding Armor
42:31 Halberdier
43:47 Plate Mail Armor
43:51 Paper Money
44:56 Chemistry
44:07 Masonry
49:45 Imperial Skirmisher
50:47 Leather Archer Armor
50:33 Bracer
50:53 Chain Barding Armor
50:46 Siege Engineers
50:38 Murder Holes
Thelostmeta
1:06 Loom
11:22 Feudal Age
11:32 Man-at-Arms
13:46 Wheelbarrow
14:45 Double-Bit Axe
14:49 Horse Collar
25:58 Castle Age
27:09 Hand Cart
26:36 Pikeman
26:37 Long Swordsman
27:18 Squires
28:09 Scale Mail Armor
28:20 Forging
33:09 Chain Mail Armor
33:30 Iron Casting
32:46 Fletching
32:56 Padded Archer Armor
36:00 Imperial Age
37:13 Anarchy
39:50 Bow Saw
40:25 Perfusion
40:26 Halberdier
44:59 Heavy Plow
45:04 Two-Handed Swordsman
48:54 Blast Furnace
47:51 Bodkin Arrow
Connection lost

Rejoining the realm…

Still unreachable

The connection could not be restored.

Session expired

The server has moved on; the page needs a fresh start.